 Dungeon Crawl Stone Soup version 0.20-a0-1116-gaa52201 (webtiles) character file.

1192 JeffiDaFish the Shield-Bearer (level 8, 0/43 HPs)
             Began as a Gargoyle Venom Mage on May 8, 2017.
             Was a Follower of Sif Muna.
             Slain by Menkaure (15 damage)
             ... on level 5 of the Dungeon on May 9, 2017.
             The game lasted 00:19:50 (6501 turns).

JeffiDaFish the Shield-Bearer (Gargoyle Venom Mage) Turns: 6501, Time: 00:19:51

Health: 0/43       AC: 13    Str: 12 (14) XL:     8   Next: 43%
Magic:  14/14      EV: 10    Int: 18      God:    Sif Muna [*.....]
Gold:   179        SH:  0    Dex: 10 (11) Spells: 9/15 levels left

rFire    + . .     SeeInvis .   l - +0 flail
rCold    . . .     Gourm    .   k - +0 buckler
rNeg     + . .     Faith    .   g - +0 ring mail
rPois    ∞         Spirit   .   (no helmet)
rElec    +         Reflect  .   h - +0 cloak
rCorr    .         Harm     .   (no gloves)
MR       .....                  (no boots)
Stlth    ..........             (no amulet)
Regen    0.2/turn               a - ring of protection from fire
MPRegen  0.2/turn               n - +3 ring of strength

@: confused
A: hooves 1, molten scales 1, blink, negative energy resistance 1, electricity
resistance, unbreathing, petrification resistance, rot immunity, AC +5
a: Blink, Divine Energy, Renounce Religion


You were on level 5 of the Dungeon.
You worshipped Sif Muna.
Sif Muna was aware of your devotion.
You were not hungry.

You visited 1 branch of the dungeon, and saw 7 of its levels.

You collected 179 gold pieces.

Inventory:

Hand Weapons
 l - a +0 flail (weapon)
Armour
 g - a +0 ring mail (worn)
 h - a +0 cloak (worn)
 k - a +0 buckler (worn)
Jewellery
 a - a ring of protection from fire (left hand)
 n - a +3 ring of strength (right hand)
Scrolls
 d - 4 scrolls of identify
 e - 2 scrolls of recharging
 f - a scroll of teleportation
 p - a scroll of remove curse
Potions
 i - 3 potions of brilliance
Books
 b - a Young Poisoner's Handbook

   Spells                             Type                      Level
   a - Sting                          Conjuration/Poison           1
   b - Poisonous Vapours              Poison/Air                   2
   c - Mephitic Cloud                 Conjuration/Poison/Air       3
   d - Olgreb's Toxic Radiance        Poison                       4
   e - Venom Bolt                     Conjuration/Poison           5


   Skills:
 - Level 1.2 Fighting
 - Level 0.8 Maces & Flails
 - Level 1.2 Armour
 - Level 1.8 Dodging
 - Level 2.3 Stealth
 * Level 5.1 Shields
 - Level 0.6 Unarmed Combat
 + Level 4.3 Spellcasting
 + Level 3.8 Conjurations
 + Level 2.8 Air Magic
 + Level 5.1 Poison Magic


You had 9 spell levels left.
You knew the following spells:

 Your Spells              Type           Power        Failure   Level  Hunger
a - Sting                 Conj/Pois      ###.         5%          1    None
b - Poisonous Vapours     Pois/Air       ###...       10%         2    ##.....
c - Mephitic Cloud        Conj/Pois/Air  ###.....     19%         3    ###....


Dungeon Overview and Level Annotations

Branches:
Dungeon (7/15)             Temple (0/1) D:5

Altars:
Hepliaklqana
Qazlal
Ru
Sif Muna
Vehumet
Wu Jian
Xom
Yredelemnul

Annotations:
D:5 Menkaure


Innate Abilities, Weirdness & Mutations

You are resistant to torment.
Your stone body is resilient. (AC +5)
You are immune to poison.
You resist negative energy. (rN+)
You are resistant to electric shocks. (rElec)
You can survive without breathing.
You are immune to petrification.
You are immune to rotting.
You have large cloven feet.
You are partially covered in molten scales. (AC +2)
You can translocate small distances at will.


Message History

Menkaure hits you.
You hit Menkaure but do no damage. Your kick misses Menkaure.
Menkaure is heavily damaged.
Menkaure hits you!
* * * LOW HITPOINT WARNING * * *
You hit Menkaure but do no damage.
Menkaure is heavily damaged.
Menkaure casts a spell.
Menkaure seems to speed up.
You feel better. Menkaure hits you.
* * * LOW HITPOINT WARNING * * *
You are confused.
You feel invigorated. Menkaure barely misses you. Menkaure barely misses you.
Menkaure calls on the powers of darkness!
Your body is wracked with pain!
* * * LOW HITPOINT WARNING * * *
Menkaure hits you but does no damage. Menkaure hits you!
You die...

..........)..# #...)......#
#######...######^###......#
##..................#
#..######.###......#
#..##.....# ########
#..##.##### ##.##.#########
#.#.....!....#
#>#.....@...[#
###.....M....# #..........#
#..........# ##.#########
#.# #. #.


You could see Menkaure.

Vanquished Creatures
  A hungry ghost (D:5)
  Duvessa (D:4)
  2 sky beasts
  2 ogres (D:5)
  A centaur (D:7)
  Dowan (D:4)
  A scorpion (D:3)
  2 hounds
  An orc wizard (D:4)
  2 orc priests (D:4)
  2 centaur skeletons
  Terence (D:3)
  A worker ant (D:4)
  7 adders
  An ooze (D:1)
  An adder zombie (D:3)
  6 worms
  3 dart slugs
  4 leopard geckos
  9 orcs
  A ball python (D:4)
  5 bats
  5 giant cockroaches
  5 goblins
  10 hobgoblins
  6 jackals
  5 kobolds
  2 quokkas
  4 frilled lizards
  A leopard gecko zombie (D:5)
  12 rats
105 creatures vanquished.

Vanquished Creatures (others)
  An orc (D:5)
1 creature vanquished.

Grand Total: 106 creatures vanquished

Notes
Turn   | Place    | Note
-------+----------+-------------------------------------------
     0 | D:1      | JeffiDaFish the Gargoyle Venom Mage began the quest for the Orb.
     0 | D:1      | Reached XP level 1. HP: 10/10 MP: 3/3
   347 | D:1      | Reached XP level 2. HP: 12/15 MP: 0/5
   779 | D:1      | Learned a level 2 spell: Poisonous Vapours
  1132 | D:1      | Reached XP level 3. HP: 19/19 MP: 3/6
  1280 | D:1      | Learned a level 3 spell: Mephitic Cloud
  1391 | D:2      | Found a basalt altar of Yredelemnul.
  1409 | D:2      | Found a sacrificial altar of Ru.
  1517 | D:2      | Found a hazy altar of Hepliaklqana.
  1793 | D:2      | Reached XP level 4. HP: 24/24 MP: 4/7
  2423 | D:2      | Reached skill level 1 in Armour
  2714 | D:2      | Found a shimmering altar of Xom.
  2794 | D:3      | Reached skill level 1 in Fighting
  2911 | D:3      | Found a stormy altar of Qazlal.
  2973 | D:3      | Noticed a sky beast
  3002 | D:3      | Killed a sky beast
  3002 | D:3      | Reached skill level 1 in Shields
  3002 | D:3      | Reached skill level 1 in Air Magic
  3002 | D:3      | Reached XP level 5. HP: 10/29 MP: 0/9
  3211 | D:3      | Noticed Terence
  3239 | D:3      | Killed Terence
  3368 | D:3      | Reached XP level 6. HP: 29/34 MP: 8/10
  3913 | D:4      | Found a deep blue altar of Sif Muna.
  4077 | D:4      | Became a worshipper of Sif Muna the Loreminder
  4159 | D:4      | Gained mutation: You can translocate small distances at will. [potion of mutation]
  4159 | D:4      | Gained mutation: You are partially covered in molten scales. (AC +2) [potion of mutation]
  4159 | D:4      | Gained mutation: You have large cloven feet. [potion of mutation]
  4194 | D:4      | Noticed Duvessa
  4196 | D:4      | Noticed Dowan
  4223 | D:4      | Killed Duvessa
  4223 | D:4      | Reached XP level 7. HP: 38/38 MP: 5/12
  4287 | D:4      | Killed Dowan
  4910 | D:5      | Entered Level 5 of the Dungeon
  4968 | D:5      | You fall through a shaft for 2 floors!
  4968 | D:7      | Noticed a hungry ghost
  4971 | D:7      | Found an ornate altar of the Wu Jian Council.
  5255 | D:5      | Killed a hungry ghost
  5255 | D:5      | Reached XP level 8. HP: 9/43 MP: 13/13
  5275 | D:5      | Reached * piety under Sif Muna
  5903 | D:5      | Found a radiant altar of Vehumet.
  6053 | D:5      | Reached skill level 5 in Poison Magic
  6082 | D:5      | Found a staircase to the Ecumenical Temple.
  6130 | D:5      | Reached skill level 5 in Shields
  6487 | D:5      | Noticed Menkaure
  6495 | D:5      | HP: 1/43 [Menkaure (12)]
  6501 | D:5      | Slain by Menkaure

Vault maps used:
D:1:      saegor_arrival_simple_b, minmay_misc_feat_chi, minmay_split_cup_small
D:2:      nicolae_overflow_quartered_altars
D:3:      nicolae_qazlal_general_emergency, serial_glass, glass_columns_c,
          glass_columns_a, minmay_strange_pillars, minmay_strange_pillars,
          item_on_display_a, minmay_strange_pillars, uniq_terence
D:4:      nicolae_overflow_crystal_walls, serial_glass, glass_columns_a,
          glass_columns_a, uniq_duvessa
D:5:      fiery_altar_vehumet, minmay_temple_entry_purple_smoke, first_bread,
          uniq_menkaure
D:6:      kennysheep_little_box
D:7:      lemuel_doored_altar

Skill      XL: |  1  2  3  4  5  6  7  8 |
---------------+-------------------------+-----
Armour         | 1 |  1.2
Fighting       | 1 |  1.2
Shields        | 1 3 4 5 |  5.1
Air Magic      | 1 2 |  2.8
Spellcasting   | 3 4 |  4.3
Poison Magic   | 4 5 |  5.1
Conjurations   | 2 3 |  3.8
Maces & Flails | |  0.8
Dodging        | |  1.8
Stealth        | |  2.3
Unarmed Combat | |  0.6

Action                   |  1- 3 |  4- 6 |  7- 9 || total
-------------------------+-------+-------+-------++-------
Melee: Unarmed           |    70 |       |       ||    70
       Whip              |    41 |    93 |       ||   134
       Flail             |       |   109 |   345 ||   454
       Kick              |       |     2 |    41 ||    43
 Cast: Sting             |    37 |    31 |     8 ||    76
       Poisonous Vapours |     9 |    30 |    17 ||    56
  Use: Scroll            |     4 |     4 |     3 ||    11
       Potion            |     2 |     5 |     5 ||    12
  Eat: Chunk             |     4 |    11 |     9 ||    24
       Bread ration      |       |       |     4 ||     4
       Meat ration       |       |       |     3 ||     3
       Royal jelly       |       |       |     3 ||     3
Armor: Robe              |    10 |       |       ||    10
       Leather armour    |    24 |       |       ||    24
       Ring mail         |    27 |   123 |   201 ||   351
Dodge: Dodged            |    62 |   133 |   169 ||   364
Block: Buckler           |       |    20 |    85 ||   105
